[Event "Cerrado Blitz Quart 2018"]
[Site "Quart (Valencia), Spain"]
[Date "2018.08.30"]
[Round "1.1"]
[White "Vega Gutierrez, Sabrina"]
[Black "Pena Riasco, Alexander"]
[Result "1-0"]
[TimeControl "7 minutos +3s por jugada"]
[WhiteTitle "IM"]
[BlackTitle "FM"]
[WhiteFideId "2219026"]
[BlackFideId "4403339"]
[WhiteElo "2188"]
[BlackElo "2119"]

1. e4 d5 2. exd5 Qxd5 3. Nc3 Qa5 4. d4 Nf6 5.
a3 c6 6. Bd3 Bg4 7. Nge2 e6 8. O-O Bd6 9. f3 Bh5 10. Ne4 Be7 11. Nf4 Nbd7 12.
Nxh5 Nxh5 13. Be3 O-O 14. b4 Qc7 15. f4 Nhf6 16. Qf3 Nxe4 17. Bxe4 a5 18. Rab1 f5 19. Bd3 axb4 20. axb4 Nf6 21. Rfe1 Bd6 22.
Bd2 Rfe8 23. g3 b5 24. Re2 Nd5 25. Rbe1 Bxb4 26. Bxb4 Nxb4 27. Bxf5 Qd6 28. c3 Nd5 29. Rxe6 Rxe6 30. Bxe6+ Kh8 31. Bxd5 cxd5 32. Qe2 h6 33.
Qxb5 Ra3 34. Re8+ Kh7 35. Qd3+ g6 36. Qe3 Ra1+ 37. Kg2 Ra7 38. Qe5 Qxe5 39. fxe5 Rc7 40. Rd8 Rxc3 41. Rd7+ Kg8 42. Rxd5 Kf7 43. Rd7+ Ke6 44. Rd6+ Kf7 45. Rf6+ Kg7 46. d5 Re3 47.
Re6 Rd3 48. d6 Rd4 49. Re7+ Kf8 50. Kf3 h5 51.
Rh7 Rd2 52. Ke4 {Bandera} 1-0

[Event "Cerrado Blitz Quart 2018"]
[Site "Quart (Valencia), Spain"]
[Date "2018.08.30"]
[Round "1.2"]
[White "Galvan, Jesus"]
[Black "Galvan Cipriani, Viviana"]
[Result "1/2-1/2"]
[TimeControl "7 minutos +3s por jugada"]
[WhiteTitle "FM"]
[BlackTitle "WFM"]
[WhiteFideId "3800458"]
[BlackFideId "32041144"]
[WhiteElo "2225"]
[BlackElo "1948"]

1. e4 c5 2. Nf3 Nc6 3. d4 cxd4 4.
Nxd4 Nf6 5. Nc3 e5 6. Ndb5 d6 7.
Bg5 a6 8. Na3 b5 9. Nd5 Qa5+ 10.
Bd2 Qd8 11. Bg5 Qa5+ 12. Bd2 Qd8 13. Bg5 Qa5+ 14. Bd2 1/2-1/2

[Event "Cerrado Blitz Quart 2018"]
[Site "Quart (Valencia), Spain"]
[Date "2018.08.30"]
[Round "1.3"]
[White "Alonso Garcia, Aaron"]
[Black "Lara Lopez, Sergio"]
[Result "1/2-1/2"]
[TimeControl "7 minutos +3s por jugada"]
[WhiteTitle "FM"]
[WhiteFideId "24521060"]
[BlackFideId "2268400"]
[WhiteElo "1604"]
[BlackElo "2165"]

1. e4 e6 2. d4 d5 3. exd5 exd5 4. Bd3 Nf6 5. Nf3 Bg4 6. h3 Bh5 7. O-O Be7 8. Re1 O-O 9. Nbd2 Nbd7 10. Nf1 c6 11. Ng3 Bg6 12. Ne5 Re8 13. Nxg6 hxg6 14. c3 Qc7 15. Qf3 Bd6 16. Bg5 Rxe1+ 17. Rxe1 Re8 18. Rxe8+ Nxe8 19. Ne2 Nef6 20. Bf4 Bxf4 21. Qxf4 Qxf4 22.
Nxf4 Kf8 23. g4 Ke7 24.
g5 Ne8 25. h4 Nd6 26. Kg2 Nf8 27. Kf3 Ne6 28. Nxe6 Kxe6 29. Kf4 Ne8 30. Be2 Nd6 31. Bd3 Ne8 32. f3 Nd6 33. b3 b6 34. c4 c5 35. dxc5 bxc5 36. cxd5+ Kxd5 37. Ke3 a5 38. f4 c4 39. bxc4+ Nxc4+ 40. Kf3 Nd6 41. f5 gxf5 42. h5 Ke5 1/2-1/2

[Event "Cerrado Blitz Quart 2018"]
[Site "Quart (Valencia), Spain"]
[Date "2018.08.30"]
[Round "1.4"]
[White "Diaz Velandia, J Manuel"]
[Black "Kovacevic, Slobodan"]
[Result "1/2-1/2"]
[TimeControl "7 minutos +3s por jugada"]
[WhiteTitle "FM"]
[BlackTitle "IM"]
[WhiteFideId "3901939"]
[BlackFideId "902152"]
[WhiteElo "2367"]
[BlackElo "2418"]

1. d4 Nf6 2. g3 c5 3. c3 e6 4. Bg2 Be7 5. Nf3 Qc7 6. O-O b6 7. Re1 Bb7 8. Nbd2 d6 9. e4 cxd4 10. cxd4 O-O 11. Ng5 h6 12. Nh3 Nc6 13. Nb3 Rac8 14. Bd2 Rfd8 15. Rc1 d5 16. e5 Ne4 17. Be3 Qd7 18. a3 a5 19. f3 Ng5 20. Nxg5 Bxg5 21. f4 Be7 22. g4 a4 23. Nd2 Na5 1/2-1/2

[Event "Cerrado Blitz Quart 2018"]
[Site "Quart (Valencia), Spain"]
[Date "2018.08.30"]
[Round "1.5"]
[White "Chernikov, Vladimir"]
[Black "Ordoñez Carrasco, Jorge"]
[Result "1-0"]
[TimeControl "7 minutos +3s por jugada"]
[WhiteFideId "14112914"]
[BlackFideId "24529826"]
[WhiteElo "2035"]
[BlackElo "1531"]

1. b3 Nf6 2. Bb2 g6 3.
Bxf6 exf6 4. c4 Bg7 5. Nc3 Nc6 6. g3 O-O 7. Bg2 Re8 8. e3 d6 9. Nge2 Bg4 10. h3 Bxe2 11. Nxe2 Qd7 12. O-O f5 13. d4 a6 14. Rc1 Rab8 15. Nf4 Ne7 16. Qc2 c6 17. Nd3 a5 18. a3 Kh8 19. Rfd1 Ng8 20. b4 axb4 21. axb4 Nf6 22. Ra1 Ra8 23. Ra4 Ne4 24. Rda1 Rxa4 25. Rxa4 Qc7 26. Ra7 Qb6 27. Qa2 h6 28. Qa5 Qxa5 29. bxa5 Re7 30. Bxe4 fxe4 31. Nb4 c5 32. Nd5 Rd7 33. dxc5 dxc5 34. a6 Be5 35. Rxb7 Rd8 36. Rxf7 Ra8 1-0

[Event "Cerrado Blitz Quart 2018"]
[Site "Quart (Valencia), Spain"]
[Date "2018.08.30"]
[Round "2.1"]
[White "Pena Riasco, Alexander"]
[Black "Ordoñez Carrasco, Jorge"]
[Result "0-1"]
[TimeControl "7 minutos +3s por jugada"]
[WhiteTitle "FM"]
[WhiteFideId "4403339"]
[BlackFideId "24529826"]
[WhiteElo "2119"]
[BlackElo "1531"]

1. d4 Nf6 2. Nf3 g6 3. Bf4 Bg7 4. e3 d6 5. Be2 O-O 6. h3 Nfd7 7. O-O e5 8.
Bh2 Nc6 9. c4 f5 10. Nc3 e4 11.
Nd2 g5 12. Rc1 Nf6 13. a3 Ne7 14. b4 Ng6 15. c5 d5 16. b5 Rf7 17. b6 axb6 18. cxb6 c6 19. Bc7 Qe7 20. Kh2 Rxa3 21. Nb3 Ra8 22. Nc5 f4 23. Ra1 Rxa1 24. Qxa1 h5 25. Qa7 g4 26. exf4 Nd7 27.
Nxb7 Nf6 {Bandera} 0-1

[Event "Cerrado Blitz Quart 2018"]
[Site "Quart (Valencia), Spain"]
[Date "2018.08.30"]
[Round "2.2"]
[White "Kovacevic, Slobodan"]
[Black "Chernikov, Vladimir"]
[Result "1-0"]
[TimeControl "7 minutos +3s por jugada"]
[WhiteTitle "IM"]
[WhiteFideId "902152"]
[BlackFideId "14112914"]
[WhiteElo "2418"]
[BlackElo "2035"]

1. d4 Nf6 2. Nf3 d6 3. Bf4 g6 4. Nbd2 Bg7 5. c3 Nh5 6. Bg5 h6 7. Bh4 g5 8. Bg3 f5 9. e3 Nxg3 10.
hxg3 e5 11. dxe5 dxe5 12. e4 f4 13.
gxf4 exf4 14. Qb3 Qe7 15. O-O-O Nd7 16. Bc4 Nc5 17. Qc2 Bg4 18. Nb3 Nd7 19. Nbd4 Bxd4 20. cxd4 O-O-O 21. Kb1 Kb8 22. Be2 Nf6 23. Ne5 Bxe2 24. Qxe2 Rxd4 25. Rxd4 Qxe5 26. Qd3 a6 27. f3 h5 28. Rc1 g4 29. Rd8+ Rxd8 30. Qxd8+ Ka7 31. Qxc7 Qb5 32. Qc5+ Qxc5 33. Rxc5 h4 34. fxg4 Nxe4 35. Rh5 f3 36. gxf3 Nd2+ 37. Ka1 Nxf3 38. g5 h3 39. g6 h2 40. Rxh2 1-0

[Event "Cerrado Blitz Quart 2018"]
[Site "Quart (Valencia), Spain"]
[Date "2018.08.30"]
[Round "2.3"]
[White "Lara Lopez, Sergio"]
[Black "Diaz Velandia, J Manuel"]
[Result "0-1"]
[TimeControl "7 minutos +3s por jugada"]
[BlackTitle "FM"]
[WhiteFideId "2268400"]
[BlackFideId "3901939"]
[WhiteElo "2165"]
[BlackElo "2367"]

1. e4 c6 2. Nc3 d5 3. d4 dxe4 4. Nxe4 Nf6 5. Ng3 h5 6. h4 Bg4 7. Be2 e6 8. Bg5 Qa5+ 9. c3 Nbd7 10. Nf3 Bd6 11. Nf1 Ne4 12. N1d2 Nxg5 13. Nxg5 Bxe2 14. Qxe2 Qf5 15.
Nc4 Bc7 16. Ne4 Ke7 17. Rh3 Nf6 18. Nxf6 gxf6 19. Ne3 Qg6 20. d5 Qe4 21. dxc6 Qxc6 22. O-O-O Rad8 23. Rf3 Rxd1+ 24. Qxd1 Qe4 25.
Qd4 Qxd4 26. cxd4 Bb6 27. d5 Rc8+ 28. Kb1 Rg8 29. g3 Rc8 30. dxe6 fxe6 31. Ng2 e5 32. Ne3 Ke6 33. Nf5 Rc7 34. Ne3 Ba5 35. b3 Bd2 36. Nc4 Be1 37. Kb2 b5 38. Na3 a6 39. Nc2 Bd2 40. Rd3 Ba5 41. Ne3 Be1 42.
Nd1 Ba5 43. Ne3 Rc8 44. f4 Bb6 45. f5+ Kf7 46. Nc2 Rc7 47. Rd6 Rb7 48. Nb4 Bc5 0-1

[Event "Cerrado Blitz Quart 2018"]
[Site "Quart (Valencia), Spain"]
[Date "2018.08.30"]
[Round "2.4"]
[White "Galvan Cipriani, Viviana"]
[Black "Alonso Garcia, Aaron"]
[Result "0-1"]
[TimeControl "7 minutos +3s por jugada"]
[WhiteTitle "WFM"]
[BlackTitle "FM"]
[WhiteFideId "32041144"]
[BlackFideId "24521060"]
[WhiteElo "1948"]
[BlackElo "1604"]

1. c4 c5 2. Nc3 Nc6 3. g3 g6 4. Bg2 Bg7 5. e4 d6 6.
Nge2 e5 7. d3 Nge7 8. O-O O-O 9. Be3 Rb8 10. Qd2 a6 11.
Bh6 b5 12. b3 Be6 13. h3 Qd7 14. Kh2 f5 15. Nd5 b4 16. Rae1 fxe4 17. dxe4 Nd4 18. Nxe7+ Qxe7 19. Ng1 Rf7 20. Be3 a5 21. f4 Rbf8 22.
Ne2 exf4 23. Bxf4 Be5 24. Nxd4 Bxd4 25. Qe2 g5 26. Bd2 Rf2 27. Rxf2 Rxf2 28. Qd1 Bxh3 29. Kxh3 Qe6+ 30. Kh2 Qh6+ 31. Kg1 Rxd2+ 32. Kf1 Qf6+ 33.
Qf3 Rf2+ 0-1

[Event "Cerrado Blitz Quart 2018"]
[Site "Quart (Valencia), Spain"]
[Date "2018.08.30"]
[Round "2.5"]
[White "Vega Gutierrez, Sabrina"]
[Black "Galvan, Jesus"]
[Result "0-1"]
[TimeControl "7 minutos +3s por jugada"]
[WhiteTitle "IM"]
[BlackTitle "FM"]
[WhiteFideId "2219026"]
[BlackFideId "3800458"]
[WhiteElo "2188"]
[BlackElo "2225"]

1. e4 c5 2. Nf3 Nc6 3. d4 cxd4 4. Nxd4 Nf6 5. Nc3 e6 6. a3 d5 7. Bb5 Bd7 8. exd5 exd5 9. O-O Be7 10.
Be3 O-O 11. h3 Re8 12. Nb3 a6 13. Bxc6 bxc6 14. Bc5 Bf5 15. Ne2 Bxc5 16. Nxc5 Qb6 17. b4 a5 18. Nd4 axb4 19. axb4 Qxb4 20. Na6 Qb6 21. Nxf5 Rxa6 22. Rxa6 Qxa6 23. Qd4 Qc4 24. Qxc4 dxc4 25. Rd1 Nd5 26. Rd4 Re1+ 27. Kh2 g6 28. Ne3 Nxe3 29. fxe3 Rxe3 30. Rxc4 Re6 31. Kg3 Kf8 32. Kf4 Ke7 33. g4 h6 34. h4 Kd6 35. Rd4+ Ke7 36.
Ra4 Re2 37. Rc4 Kd6 38. Rc3 Rf2+ 39. Kg3 Rf1 40. g5 h5 41. Rc4 c5 42. Ra4 Kd5 43. Ra5 Kd4 44. Ra3 c4 45. Kg2 Rf4 46. Kg3 Rg4+ 47. Kh3 Re4 48. Rf3 Re3 0-1

[Event "Cerrado Blitz Quart 2018"]
[Site "Quart (Valencia), Spain"]
[Date "2018.08.30"]
[Round "3.1"]
[White "Galvan, Jesus"]
[Black "Pena Riasco, Alexander"]
[Result "1-0"]
[TimeControl "7 minutos +3s por jugada"]
[WhiteTitle "FM"]
[BlackTitle "FM"]
[WhiteFideId "3800458"]
[BlackFideId "4403339"]
[WhiteElo "2225"]
[BlackElo "2119"]

1. g3 d5 2. Bg2 Nf6 3.
d3 c6 4. f4 e6 5. Nf3 Bd6 6. O-O Nbd7 7. Qe1 e5 8. e4 dxe4 9. dxe4 O-O 10. f5 Nc5 11. Nc3 a5 12. h3 b5 13. a3 Ba6 14.
b4 axb4 15. axb4 Na4 16. Nd1 c5 17. g4 Bb7 18. Nf2 Nb6 19. Rxa8 Qxa8 20. Nd2 Rd8 21. g5 Ne8 22. f6 Bc8 23. bxc5 Bxc5 24. Nb3 Qc6 25. Be3 Bxe3 26. Qxe3 Nc4 27. Qg3 g6 28. Nd3 Qd6 29. Ra1 Be6 30. Qf2 Nb6 31. Nbc5 Rb8 32. Nxe6 Qxe6 33. Qc5 Nc4 34. Ra7 Ned6 35. Qc7 Rf8 36. Qe7 Qc8 37. Kh2 Qb8 38. Qc7 Qe8 39.
Nc5 Nc8 40. Kg1 N4b6 41. Ra8 1-0

[Event "Cerrado Blitz Quart 2018"]
[Site "Quart (Valencia), Spain"]
[Date "2018.08.30"]
[Round "3.2"]
[White "Alonso Garcia, Aaron"]
[Black "Vega Gutierrez, Sabrina"]
[Result "0-1"]
[TimeControl "7 minutos +3s por jugada"]
[WhiteTitle "FM"]
[BlackTitle "IM"]
[WhiteFideId "24521060"]
[BlackFideId "2219026"]
[WhiteElo "1604"]
[BlackElo "2188"]

1. e4 c5 2. Nc3 a6 3. g3 b5 4. Bg2 Bb7 5. d3 e6 6. Be3 Nf6 7. Nh3 d6 8. O-O Nc6 9. f4 Qc7 10. f5 e5 11. Bg5 b4 12.
Nd5 Nxd5 13. exd5 Ne7 14. Bxe7 Bxe7 15. c4 bxc3 16. bxc3 O-O 17. f6 Bxf6 18. Rxf6 gxf6 19. Be4 f5 20. Qh5 f6 21. Qxf5 Bc8 22. Qh5 Qg7 23. Rf1 Bg4 24. Qh4 f5 25.
Bg2 Be2 26. Rb1 Bxd3 27. Rb6 Rab8 28.
Rxd6 Rb1+ 29. Kf2 Qb7 30. Bf3 Qb2+ 31. Ke3 Qxc3 32. Qg5+ Kh8 33. Be2 Bxe2+ 34. Kxe2 Rb2+ 35. Kd1 Qc2+ 0-1

[Event "Cerrado Blitz Quart 2018"]
[Site "Quart (Valencia), Spain"]
[Date "2018.08.30"]
[Round "3.3"]
[White "Diaz Velandia, J Manuel"]
[Black "Galvan Cipriani, Viviana"]
[Result "1-0"]
[TimeControl "7 minutos +3s por jugada"]
[WhiteTitle "FM"]
[BlackTitle "WFM"]
[WhiteFideId "3901939"]
[BlackFideId "32041144"]
[WhiteElo "2367"]
[BlackElo "1948"]

1. d4 c5 2. e3 Nf6 3. Nf3 b6 4. Bd3 g6 5.
O-O Bb7 6. c3 d6 7. Nbd2 Nbd7 8. e4 Bg7 9. Re1 e5 10. Nf1 O-O 11.
Ng3 Qc7 12. Bd2 Rac8 13. Rc1 Qb8 14. d5 a6 15. c4 Ne8 16. h4 h5 17. Ng5 Ndf6 18. Rb1 Qc7 19. b4 Qe7 20. bxc5 bxc5 21.
Qb3 Rc7 22. Bc2 Ba8 23. Qa3 Ra7 24. Ba5 Bb7 25. Rb2 Nh7 26. Nf3 Nef6 27. Reb1 Rc8 28. Bb6 Raa8 29. Bxc5 Rxc5 30. Rxb7 Qd8 31. Bd3 Nd7 32. Qa4 Nhf8 33.
Ne2 Ra5 34. Qc2 Nc5 35. R7b2 Nfd7 36. Nc1 Na4 37. Rb4 Nac5 38. g3 Rc8 39. Kg2 Bh6 40. Nb3 Nxd3 41. Qxd3 Rxa2 42. Rb7 Nc5 43.
Nxc5 Rxc5 44. Qb3 Raa5 45. Qb4 Rc8 46. Rb2 Rac5 47. Rc2 Bf8 48. Ng5 Be7 49. Nf3 Bf8 50. Qa4 a5 51. Nd2 R5c7 52. Rb5 Ra7 53. Nb3 Rca8 54. Ra2 Qc7 55. Rb2 Be7 56. Nc1 Bd8 57. Nd3 Qe7 58. c5 dxc5 59. Rxc5 Bc7 60. Rc6 Bd6 61. Rbb6 Ba3 62. d6 Bxd6 63.
Rxd6 Rc7 64. Rd5 Qf8 65. Nxe5 Qc8 66.
Rxa5 Rxa5 67. Qxa5 Rc5 68. Rb5 Rc2 69. Rd5 Kg7 70. Qa7 Qf8 71. Rd8 1-0

[Event "Cerrado Blitz Quart 2018"]
[Site "Quart (Valencia), Spain"]
[Date "2018.08.30"]
[Round "3.4"]
[White "Chernikov, Vladimir"]
[Black "Lara Lopez, Sergio"]
[Result "0-1"]
[TimeControl "7 minutos +3s por jugada"]
[WhiteFideId "14112914"]
[BlackFideId "2268400"]
[WhiteElo "2035"]
[BlackElo "2165"]

1. b3 e5 2. Bb2 d6 3.
e3 Nc6 4. Bb5 Bd7 5. Nf3 f5 6. d4 e4 7. Nfd2 Nf6 8. c4 Nb4 9. Bxd7+ Qxd7 10. O-O Nd3 11. Qc2 g6 12. Nc3 Bh6 13.
Ba3 c6 14. Nd1 a5 15. Nb2 Nb4 16. Qc3 O-O 17. Bxb4 axb4 18. Qxb4 f4 19. exf4 Bxf4 20. Qc3 d5 21. Na4 Rae8 22.
cxd5 cxd5 23. Nc5 Qg4 24. g3 Qh3 25. f3 Bxg3 26. hxg3 Qxg3+ 27. Kh1 e3 28. Nde4 dxe4 29. Nxe4 Nxe4 30. fxe4 Qh4+ 31. Kg1 Qxe4 32. Rae1 Rf3 33.
Rxf3 Qxf3 34. d5 Qf2+ 35. Kh1 e2 36. d6 Re3 37. Qc8+ Kg7 38. Qxb7+ Kh6 0-1

[Event "Cerrado Blitz Quart 2018"]
[Site "Quart (Valencia), Spain"]
[Date "2018.08.30"]
[Round "3.5"]
[White "Ordoñez Carrasco, Jorge"]
[Black "Kovacevic, Slobodan"]
[Result "0-1"]
[TimeControl "7 minutos +3s por jugada"]
[BlackTitle "IM"]
[WhiteFideId "24529826"]
[BlackFideId "902152"]
[WhiteElo "1531"]
[BlackElo "2418"]

1. e4 c5 2. Nf3 e6 3. d4 cxd4 4. Nxd4 a6 5. Nc3 Qc7 6. Bd3 Nf6 7. O-O d6 8. f3 Nbd7 9. Be3 b5 10. a3 Bb7 11. Nb3 Be7 12.
Qd2 O-O 13. Rad1 Ne5 14. Be2 Rab8 15. Kh1 Rfc8 16. Rc1 Ba8 17. Bg1 Nc4 18. Bxc4 bxc4 19. Nd4 Rxb2 20. Rb1 Rxb1 21. Rxb1 Rb8 22. Rxb8+ Qxb8 23. Qe2 Qc7 24.
Nd1 d5 25. exd5 Nxd5 26. Nb2 c3 27.
Nd3 Bf8 28. a4 Qc8 29. Qe5 h6 30. Nb3 Qc7 31. Qd4 Be7 0-1

[Event "Cerrado Blitz Quart 2018"]
[Site "Quart (Valencia), Spain"]
[Date "2018.08.30"]
[Round "4.1"]
[White "Pena Riasco, Alexander"]
[Black "Kovacevic, Slobodan"]
[Result "0-1"]
[TimeControl "7 minutos +3s por jugada"]
[WhiteTitle "FM"]
[BlackTitle "IM"]
[WhiteFideId "4403339"]
[BlackFideId "902152"]
[WhiteElo "2119"]
[BlackElo "2418"]

1. d4 Nf6 2. Nf3 e6 3. Bf4 c5 4. e3 b6 5.
Nbd2 Be7 6. h3 Bb7 7. Bd3 cxd4 8. exd4 O-O 9.
O-O a6 10. c3 d6 11. Re1 Nbd7 12. a4 Re8 13. Qc2 h6 14. Ne4 Qc7 15.
Qd2 Bf8 16. Re2 Bc6 17. b3 b5 18. axb5 axb5 19. Rxa8 Rxa8 20. c4 bxc4 21. bxc4 Bxe4 22. Bxe4 Nxe4 23. Rxe4 Qxc4 24. Re1 Ra2 25. Qe3 Nf6 26. Rc1 Qa6 27. Qb3 Nd5 28. Bg3 Ra1 29. Rxa1 Qxa1+ 30. Kh2 Qa8 31. Qb5 Qd8 32. Qc6 Be7 33. Nd2 Nb4 34.
Qb7 d5 35. Nf3 Bf8 36. Ne5 Qe7 37. Qc8 Kh7 38. Nd7 Kg8 39. Bf4 Nd3 40. Bg3 f5 41. Nxf8 Qxf8 42. Qxe6+ Qf7 43. Qe3 Nb4 44. Be5 Nc6 45. f4 Ne7 46. Qb3 Ng6 47. Qb6 Kh7 48. Qd6 Nh4 49. g3 Ng6 50.
h4 Nf8 51. Kh3 Ne6 52. Kh2 Nf8 53.
Kh3 Kg8 54. Kg2 Kh7 55. Kh3 Ng6 56. Kg2 Nh8 57. Kh3 Ng6 58.
Kg2 Nf8 59. Kh3 Kg8 60. Qb8 Kh7 61. Qd6 Nd7 62. Qc7 Qe6 63. Qd6 Qxd6 64. Bxd6 h5 65. Kg2 Kg8 66. Kf3 Kf7 67. Ke3 Nb6 68. Kd3 Nc4 69. Be5 g6 70. Kc3 Ke6 71. Kb4 Nd2 72. Kc5 Ne4+ 73. Kc6 Nxg3 74. Kc7 Ne2 75. Kd8 Ng1 76. Ke8 Nf3 77. Kf8 Nxh4 78. Kg7 Nf3 79. Kxg6 h4 0-1

[Event "Cerrado Blitz Quart 2018"]
[Site "Quart (Valencia), Spain"]
[Date "2018.08.30"]
[Round "4.2"]
[White "Lara Lopez, Sergio"]
[Black "Ordoñez Carrasco, Jorge"]
[Result "1-0"]
[TimeControl "7 minutos +3s por jugada"]
[WhiteFideId "2268400"]
[BlackFideId "24529826"]
[WhiteElo "2165"]
[BlackElo "1531"]

1. e4 c5 2. Nc3 Nc6 3. g3 d6 4. Bg2 g6 5.
d3 Bg7 6. Be3 Nf6 7. h3 O-O 8. Qd2 Ne8 9. Bh6 Nc7 10. Bxg7 Kxg7 11. h4 h5 12. Nh3 Ne6 13. Nd1 Rb8 14. f4 b5 15. Ne3 Bd7 16. f5 Nc7 17.
O-O b4 18. Nf4 Nd4 19. c3 Nc6 20.
Qe2 bxc3 21. bxc3 Nb5 22. Rac1 Nc7 23. g4 hxg4 24. Qxg4 Ne5 25. Qg5 Qe8 26. f6+ exf6 27. Nh5+ 1-0

[Event "Cerrado Blitz Quart 2018"]
[Site "Quart (Valencia), Spain"]
[Date "2018.08.30"]
[Round "4.3"]
[White "Galvan Cipriani, Viviana"]
[Black "Chernikov, Vladimir"]
[Result "1/2-1/2"]
[TimeControl "7 minutos +3s por jugada"]
[WhiteTitle "WFM"]
[WhiteFideId "32041144"]
[BlackFideId "14112914"]
[WhiteElo "1948"]
[BlackElo "2035"]

1. c4 b6 2. Nc3 Bb7 3. e4 e6 4. g3 g6 5. Bg2 Bg7 6. Nge2 d6 7. d4 Nd7 8. Be3 Ne7 9. O-O O-O 10.
Qd2 Re8 11. f4 c5 1/2-1/2

[Event "Cerrado Blitz Quart 2018"]
[Site "Quart (Valencia), Spain"]
[Date "2018.08.30"]
[Round "4.4"]
[White "Vega Gutierrez, Sabrina"]
[Black "Diaz Velandia, J Manuel"]
[Result "1/2-1/2"]
[TimeControl "7 minutos +3s por jugada"]
[WhiteTitle "IM"]
[BlackTitle "FM"]
[WhiteFideId "2219026"]
[BlackFideId "3901939"]
[WhiteElo "2188"]
[BlackElo "2367"]

1. e4 c6 2. d4 d5 3. e5 c5 4.
dxc5 Nc6 5. f4 e6 6. Nf3 Bxc5 7. Nbd2 a6 8. Nb3 Ba7 9. Bd3 Nge7 10. Qe2 Qb6 11. Bd2 Nb4 12. Nfd4 Bd7 13. a3 Nxd3+ 14. Qxd3 Bb5 15.
Qg3 Qc7 16. Nxb5 axb5 17. O-O-O Nf5 18. Qd3 Qc4 19. Na5 Qxd3 20. cxd3 Rb8 21. Kb1 Kd7 22. Rc1 Rhc8 23. Rxc8 Kxc8 24. Rc1+ Kd7 25. g4 Nh4 26.
Bb4 Be3 27. Rf1 b6 28. Nb3 h5 29. h3 hxg4 30. hxg4 Ng6 31. Bd2 Bxd2 32. Nxd2 Rh8 33. Nf3 Nxf4 34. Ng5 Nxd3 35. Rxf7+ Kc6 36. Nxe6 Nxe5 37. Rxg7 Kd6 38. Nd4 Kc5 39. Ne6+ Kd6 40. Nd4 Rh1+ 41. Kc2 Rh2+ 42. Kc3 Nc4 43. Rg6+ Kd7 44. Rg7+ Kd6 45. Rg6+ Kd7 46. Rg7+ Kd6 47. Rg6+ Kd7 48. b3 Nd6 1/2-1/2

[Event "Cerrado Blitz Quart 2018"]
[Site "Quart (Valencia), Spain"]
[Date "2018.08.30"]
[Round "4.5"]
[White "Galvan, Jesus"]
[Black "Alonso Garcia, Aaron"]
[Result "0-1"]
[TimeControl "7 minutos +3s por jugada"]
[WhiteTitle "FM"]
[BlackTitle "FM"]
[WhiteFideId "3800458"]
[BlackFideId "24521060"]
[WhiteElo "2225"]
[BlackElo "1604"]

1. d4 Nf6 2. c4 e6 3. Nc3 Bb4 4. f3 c5 5. d5 b5 6. e4 bxc4 7. Bxc4 Ba6 8. Bxa6 Nxa6 9. Nge2 exd5 10. exd5 O-O 11. O-O c4 12. Kh1 Re8 13. Bg5 Qb6 14. a3 Bf8 15. Qa4 Rac8 16. Rad1 Nc5 17. Qc2 Nd3 18.
Nf4 Qxb2 19. Qxb2 Nxb2 20. Rb1 Nd3 21. Rb7 Rb8 22. Rxa7 Rb3 23. Bxf6 Nxf4 24. Bd4 Ne2 25. Nxe2 Rxe2 26. Rxd7 c3 27. Rc7 c2 28. Kg1 Rb1 29. Rc8 Rd2 30. d6 Rxf1+ 31. Kxf1 Rd1+ 32.
Ke2 c1=Q 33. Rxc1 Rxc1 34. d7 Be7 35. Bb6 Ra1 36. d8=Q+ Bxd8 37. Bxd8 Rxa3 38. Kf2 f6 39. Bb6 Kf7 40.
g4 Ke6 41. Kg3 Rb3 42. Bc5 Kd5 43. Bf8 Rb7 44. h4 Kd4 45. h5 Ke3 46. h6 g6 47. Bc5+ Ke2 48. Bd4 Rb3 49. Kh4 Rxf3 50. Bc5 g5+ 0-1

[Event "Cerrado Blitz Quart 2018"]
[Site "Quart (Valencia), Spain"]
[Date "2018.08.30"]
[Round "5.1"]
[White "Alonso Garcia, Aaron"]
[Black "Pena Riasco, Alexander"]
[Result "1-0"]
[TimeControl "7 minutos +3s por jugada"]
[WhiteTitle "FM"]
[BlackTitle "FM"]
[WhiteFideId "24521060"]
[BlackFideId "4403339"]
[WhiteElo "1604"]
[BlackElo "2119"]

1. e4 d5 2. exd5 Qxd5 3. Nc3 Qa5 4. d4 Nf6 5. Nf3 c6 6. Bc4 Bf5 7. O-O e6 8. Re1 Bb4 9. Bd2 O-O 10.
a3 Bxc3 11. Bxc3 Qc7 12. Ne5 Nbd7 13. Bd2 Nxe5 14. dxe5 Nd5 15. Bf1 Rfd8 16. Bg5 Rd7 17. Qe2 b5 18. c4 Nb6 19.
cxb5 Bd3 20. Qg4 Bxf1 21. bxc6 Rd5 22. Bf6 g6 23. Qh4 h5 24. Qg5 Kf8 25. Qh6+ Ke8 26. Qh8# 1-0

[Event "Cerrado Blitz Quart 2018"]
[Site "Quart (Valencia), Spain"]
[Date "2018.08.30"]
[Round "5.2"]
[White "Diaz Velandia, J Manuel"]
[Black "Galvan, Jesus"]
[Result "1-0"]
[TimeControl "7 minutos +3s por jugada"]
[WhiteTitle "FM"]
[BlackTitle "FM"]
[WhiteFideId "3901939"]
[BlackFideId "3800458"]
[WhiteElo "2367"]
[BlackElo "2225"]

1. e4 c5 2. Nf3 Nc6 3. d4 cxd4 4. Nxd4 Nf6 5. Nc3 e5 6. Ndb5 d6 7. Nd5 Nxd5 8. exd5 Nb8 9. Qd3 Be7 10. Qc3 Na6 11. Be3 O-O 12. Nxa7 Bf5 13. Bxa6 bxa6 14. Nc6 Qd7 15. O-O Bf6 16. Qa3 Rfc8 17. c4 g6 18. f3 Bg7 19. Rac1 h5 20. Kh1 e4 21.
Bg5 Re8 22. fxe4 Rxe4 23. Bf4 Rxf4 24. Rxf4 Bh6 25. Rff1 Bxc1 26. Rxc1 Re8 27. Nd4 Bg4 28.
h3 Re4 29. Nf3 Bxf3 30. Qxf3 Qe7 31. Qf1 a5 32. b3 Re2 33. a3 Qe4 34. Qf3 Qxf3 35. gxf3 Re3 36. b4 Rxa3 37. c5 axb4 38. c6 Ra8 39. Rb1 Kg7 40.
Rxb4 Kf6 41. Re4 h4 42. Kg2 Ra2+ 43. Kf1 Rc2 44. Ke1 g5 45. Kd1 Rc5 46.
Rd4 Ke5 47. Rd3 Kf4 48. Kd2 Ra5 49. Kc3 f5 50. Kb4 Ra8 51. Kb5 Kg3 52. c7 f4 53. Kc6 Kxh3 54. Kxd6 Kg3 55. Ke5 h3 56.
d6 h2 57. Rd1 g4 58. fxg4 f3 59. d7 f2 60. d8=Q Rxd8 61. cxd8=Q Kg2 62. Qd5+ 1-0

[Event "Cerrado Blitz Quart 2018"]
[Site "Quart (Valencia), Spain"]
[Date "2018.08.30"]
[Round "5.3"]
[White "Chernikov, Vladimir"]
[Black "Vega Gutierrez, Sabrina"]
[Result "0-1"]
[TimeControl "7 minutos +3s por jugada"]
[BlackTitle "IM"]
[WhiteFideId "14112914"]
[BlackFideId "2219026"]
[WhiteElo "2035"]
[BlackElo "2188"]

1. b3 e5 2. Bb2 d6 3. e3 f5 4. d4 e4 5. Nh3 c6 6.
Nf4 Nf6 7. d5 Be7 8. c4 O-O 9. Nc3 Na6 10. Be2 Nc7 11. h4 c5 12. a3 Nd7 13. Qd2 Bf6 14. O-O-O Ne5 15. g3 a6 16.
Na4 b5 17. Nb6 Rb8 18. Nxc8 Qxc8 19. Nh5 bxc4 20. Nxf6+ Rxf6 21. Bxe5 dxe5 22. d6 Nb5 23. Bxc4+ Kh8 24. d7 Qd8 25.
Bxb5 Rxb5 26. Qd5 c4 27.
Qxc4 Rb7 28. Qd5 Rfb6 29. b4 Rc7+ 30. Kb2 Rbb7 31. Qa5 h6 32. Rd2 Rb8 33. Rhd1 Rbb7 34. Ka1 Ra7 35. Qxe5 Rxd7 36. Rd6 Rxd6 37. Qxd6 Qc8 38.
Qd8+ Qxd8 39. Rxd8+ Kh7 40. h5 g6 41. hxg6+ Kxg6 42.
Rg8+ Kf6 43. Kb2 Rc7 44.
Kb3 h5 45. Rh8 Kg5 46. Rg8+ Kf6 47. Rh8 Kg5 48. Ra8 Rc6 49.
Ka4 Kg4 50. Ka5 Rc3 51. a4 Kf3 52. Rf8 Kxf2 53. Rxf5+ Kxe3 54. Kxa6 Rc4 55. Kb5 Kd3 56. Rd5+ Rd4 57. Rxh5 Kc3 58. Rc5+ Kb3 59. Ka5 Rxb4 60. Rb5 Rxb5+ 61. axb5 e3 62. b6 e2 63. b7 e1=Q+ 64. Ka6 Qe6+ 65. Ka7 Qd7 66. Ka8 Qc6 67. g4 Kb4 68. g5 Kb5 69. Ka7 Qd7 70. Ka8 Qd5 71. Ka7 Qc5+ 72. Ka8 Qd5 73. Ka7 Qd4+ 74. Ka8 Kb6 0-1

[Event "Cerrado Blitz Quart 2018"]
[Site "Quart (Valencia), Spain"]
[Date "2018.08.30"]
[Round "5.4"]
[White "Ordoñez Carrasco, Jorge"]
[Black "Galvan Cipriani, Viviana"]
[Result "0-1"]
[TimeControl "7 minutos +3s por jugada"]
[BlackTitle "WFM"]
[WhiteFideId "24529826"]
[BlackFideId "32041144"]
[WhiteElo "1531"]
[BlackElo "1948"]

1. e4 c5 2. Nf3 Nc6 3. d4 cxd4 4. Nxd4 Nf6 5. Nc3 e5 6. Nb3 Bb4 7. f3 d5 8.
exd5 Nxd5 9. Bd2 Nxc3 10. Bxc3 Bxc3+ 11. bxc3 Qh4+ 12. g3 Qe7 13. Bd3 O-O 14. Qd2 Bh3 15. Kf2 Rad8 16. Qe3 f5 17.
Rhe1 Kh8 18. Rab1 Qf6 19. Bf1 Bxf1 20. Rxf1 b6 21. Rbd1 Rc8 22. Rd7 f4 23. Qe4 Ne7 24. Rfd1 fxg3+ 25. hxg3 Rxc3 26. Rd8 Rxf3+ 27. Kg2 Rf2+ 28. Kg1 Rf1+ 29. Kh2 Qf2+ 30. Qg2 Qxg2+ 31. Kxg2 R1f2+ 32. Kh3 0-1